[Event "*** Titled Tuesday Blitz"]
[Site "Chess.com"]
[Date "2020.12.29"]
[Round "4"]
[White "ckgchess"]
[Black "Mikasinski"]
[Result "1/2-1/2"]
[WhiteElo "2768"]
[BlackElo "2522"]
[TimeControl "180+1"]
[EndTime "10:39:57 PST"]
[Termination "Game drawn by repetition"]

1. e4 c5 2. c3 Nf6 3. e5 Nd5 4. d4 cxd4 5. Qxd4 e6 6. Nf3 Nc6 7. Qe4 f5 8. Qe2 Be7 9. g3 d6 10. Bg2 dxe5 11. Nxe5 Nxe5 12. Qxe5 Bf6 13. Qe2 O-O 14.
O-O Qc7 15. c4 Nb6 16. Nd2 Bd7 17. a4 Rac8 18. a5 Nxc4 19. Nxc4 Qxc4 20. Qxc4 Rxc4 21. Bxb7 Rb4 22. a6 Bxb2 23. Rb1 Bc3 24. Be3 Ra4 25. Bxa7 Be5 26. Rfe1 Bb8 27. Bxb8 Rxb8 28. Ra1 Rb4 29. Red1 R4xb7 30. axb7 Rxb7 31. Rab1 Rc7 32. Rbc1 Ra7 33. f4 Kf7 34. Ra1 Rc7 35. Rdc1 Rb7 36. Rab1 Ra7 37. Rb6 Ke7 38. Rc2 Ra4 39. Rc7 Rd4 40. Kf2 Rd2+ 41.
Ke3 Rd5 42. Ra7 h6 43. h4 Ke8 44. Rb8+ Kf7 45. Rb4 Ke7 46. Rd4 Rxd4 47. Kxd4 Kd6 48. Ra6+ Bc6 49. Ra7 Bd7 50. h5 Ke7 51. Ke5 Kd8 52.
Ra8+ Ke7 53. Ra7 Ke8 54. Rb7 Ke7 55. Ra7 1/2-1/2

[Event "*** Titled Tuesday Blitz"]
[Site "Chess.com"]
[Date "2020.12.29"]
[Round "4"]
[White "Chessdreamer2020"]
[Black "HaryKane"]
[Result "1/2-1/2"]
[WhiteElo "2492"]
[BlackElo "2674"]
[TimeControl "180+1"]
[EndTime "10:39:58 PST"]
[Termination "Game drawn - insufficient material"]

1. e4 e6 2. d4 d5 3. Nd2 Be7 4. Bd3 c5 5. dxc5 Nf6 6. Qe2 O-O 7. Ngf3 a5 8. O-O Na6 9. Re1 Nxc5 10. e5 Nfd7 11. Nb3 b6 12. Bb5 Ba6 13. Bxa6 Rxa6 14. Nbd4 Qc7 15. c3 Raa8 16. h4 Rfc8 17. h5 Nf8 18. h6 g6 19. Bg5 Ne4 20. Bxe7 Qxe7 21.
Qe3 a4 22. a3 Nd7 23. Qf4 Rf8 24. Qg4 f5 25. exf6 Rxf6 26. Rxe4 dxe4 27. Qxe4 Raf8 28. Re1 e5 29. Nc6 Qe6 30. Ncxe5 Nxe5 31. Qxe5 Qxe5 32.
Rxe5 Rf5 33. Re4 b5 34. Re7 Rh5 35. Nd4 Rxh6 36. Nxb5 Rb8 37. Re5 Rh5 38. Rxh5 gxh5 39. c4 Kf7 40. Kh2 Kf6 41. Kg3 Rc8 42. Nd6 Rc6 43.
Ne4+ Ke5 44. Nd2 Kd4 45. Kh4 Kd3 46. Nf3 Rxc4+ 47. Kxh5 Kc2 48. g4 Kxb2 49. g5 Kxa3 50. Kh6 Rf4 51. Ne5 Rh4+ 52. Kg7 Kb3 53. Nd3 a3 54. f4 a2 55. Nc1+ Kb2 56. Nxa2 Kxa2 57. f5 Kb3 58. f6 Rg4 59. Kh6 Kc4 60. f7 Rf4 61. Kg7 Kd5 62. f8=Q Rxf8 63. Kxf8 Ke5 64. Kg7 Kf5 65. Kh6 Kg4 66. Kxh7 Kxg5 1/2-1/2

[Event "*** Titled Tuesday Blitz"]
[Site "Chess.com"]
[Date "2020.12.29"]
[Round "4"]
[White "kuban1991"]
[Black "J36225"]
[Result "0-1"]
[WhiteElo "2747"]
[BlackElo "2496"]
[TimeControl "180+1"]
[EndTime "10:39:58 PST"]
[Termination "J36225 won on time"]

1. Nf3 Nf6 2. g3 g6 3. Bg2 Bg7 4. O-O O-O 5. c4 d6 6. Nc3 c6 7. d3 e5 8. Rb1 a5 9. a3 Bf5 10. b4 axb4 11. axb4 e4 12. Nh4 exd3 13. Nxf5 dxe2 14.
Qxe2 gxf5 15. Qf3 Qd7 16. b5 Qe6 17. Bg5 Qxc4 18. h4 Ra3 19. Rfc1 h6 20. Bd2 Qg4 21.
Qf4 Qxf4 22. Bxf4 Ng4 23. bxc6 Nxc6 24. Nb5 Ra2 25. Nxd6 Nd4 26. Rd1 Nxf2 27. Be3 Nxd1 28. Rxd1 Ne2+ 29. Kh2 Be5 30. Nxf5 Ra3 31. Bxh6 Nxg3 32.
Nxg3 Bxg3+ 33. Kh1 Re8 34. Bxb7 Re1+ 35. Rxe1 Bxe1 36. Bg5 Bxh4 37. Bxh4 Rh3+ 38. Kg2 Rxh4 39. Kg3 Rh6 40. Bd5 Rg6+ 41. Kf4 Rd6 42. Ke5 Rd8 43. Bc4 Kg7 44. Kf5 Rc8 45. Bd3 Rc3 46. Ke4 Kf6 47. Kd4 Rxd3+ 48. Kxd3 Kg5 49. Ke4 Kg4 50.
Ke3 f5 51. Ke2 Kg3 52. Kf1 Kf3 53. Kg1 f4 54. Kf1 Ke3 55. Ke1 f3 56. Kf1 f2 57.
Kg2 Ke2 0-1

[Event "*** Titled Tuesday Blitz"]
[Site "Chess.com"]
[Date "2020.12.29"]
[Round "4"]
[White "m_ezat"]
[Black "Zhigalko_Sergei"]
[Result "0-1"]
[WhiteElo "2537"]
[BlackElo "2852"]
[TimeControl "180+1"]
[EndTime "10:39:59 PST"]
[Termination "Zhigalko_Sergei won by checkmate"]

1. d4 Nf6 2. c4 e6 3. Nc3 Bb4 4. e3 O-O 5. a3 Bxc3+ 6. bxc3 c5 7. Bd3 Nc6 8. Ne2 b6 9. O-O Ba6 10. e4 Ne8 11. Ng3 Na5 12. f4 Bxc4 13. Bxc4 Nxc4 14.
f5 f6 15. Qe2 b5 16. a4 a6 17.
e5 Rc8 18. axb5 axb5 19. Ra7 Rc7 20. Ra6 fxe5 21. dxe5 Rc6 22. Ra7 exf5 23. Nxf5 Re6 24. Qg4 Nxe5 25. Qg3 Ng6 26. h4 Nd6 27. Bg5 Qb6 28.
Nh6+ gxh6 29. Rxf8+ Kxf8 30. Bxh6+ Kf7 31. Rxd7+ Ke8 32. Rxh7 c4+ 33. Kh2 Nf5 34. Qf3 Qd6+ 35. g3 Qxg3+ 36. Qxg3 Nxg3 37. Kxg3 Rd6 38. h5 Rd3+ 39.
Kg4 Ne5+ 40. Kf5 Nf7 41. Bg7 Rf3+ 42. Ke4 Ng5+ 43. Kd5 Nxh7 44. Bd4 Rf5+ 45. Kc6 Rxh5 46. Kb6 Nf8 47. Ka5 Ne6 48. Kb4 Nxd4 49. cxd4 Kd7 50. d5 Rxd5 51. Kc3 Kc6 52. Kb4 Kb6 53. Kc3 Kc5 54. Kc2 b4 55. Kb2 Rd3 56. Kc1 Kd4 57.
Kb1 Rh3 58. Kb2 Rh2+ 59. Kc1 c3 60. Kd1 b3 61. Kc1 Rh1# 0-1

[Event "*** Titled Tuesday Blitz"]
[Site "Chess.com"]
[Date "2020.12.29"]
[Round "4"]
[White "LilRag"]
[Black "serhanberat_ozdemir"]
[Result "1-0"]
[WhiteElo "2474"]
[BlackElo "2319"]
[TimeControl "180+1"]
[EndTime "10:40:00 PST"]
[Termination "LilRag won on time"]

1. d4 Nf6 2. c4 g6 3. Nc3 Bg7 4. e4 d6 5. Be2 O-O 6. Be3 c5 7. d5 e6 8. Qd2 exd5 9. exd5 Nbd7 10. Nf3 a6 11. O-O Re8 12. Rfe1 Ne4 13. Nxe4 Rxe4 14. Bd3 Re8 15. Bf4 Nf6 16. Rxe8+ Nxe8 17. Re1 Bg4 18. Ng5 Nf6 19. h3 Bc8 20. b4 b6 21. a3 a5 22. b5 a4 23. Qe2 Bf8 24. Qf3 h6 25. Ne4 Nxe4 26. Bxe4 f5 27. Bc2 Qf6 28. Qg3 Bd7 29. h4 Re8 30. Rxe8 Bxe8 31. Bxa4 Qd4 32. Bb3 Qa1+ 33. Kh2 Qxa3 34. Qe3 Bf7 35. g3 Qb2 36.
Bd1 Qf6 37. Kg2 Kh7 38. Bf3 Be7 39.
Qa3 g5 40. hxg5 hxg5 41. Be3 Kg6 42. Be2 f4 43. Bd3+ Kg7 44. Bc1 Qh6 45. Qa7 Bf6 46. Qd7 Be5 47. Qg4 Bh5 48. Qd7+ Bf7 49. Bf5 Qh5 50.
g4 Qh6 51. Be6 Qf6 52. Kf3 Kf8 53. Qc8+ Kg7 54. Bd2 Bxe6 55. dxe6 Qe7 56. Ke4 Kf6 57. Kd5 Bd4 58. Qh8+ Qg7 59. Qxg7+ Kxg7 60. Kxd6 Kf6 61.
Kd7 1-0

[Event "*** Titled Tuesday Blitz"]
[Site "Chess.com"]
[Date "2020.12.29"]
[Round "4"]
[White "Alexander_Zubov"]
[Black "Mischuk_D"]
[Result "1-0"]
[WhiteElo "2936"]
[BlackElo "2659"]
[TimeControl "180+1"]
[EndTime "10:40:01 PST"]
[Termination "Alexander_Zubov won on time"]

1. d4 d5 2. c4 e6 3. Nf3 c5 4.
cxd5 exd5 5. Nc3 Nc6 6. Bf4 Nf6 7. e3 c4 8. a3 Bd6 9. Bg5 Be7 10. Qc2 O-O 11. g3 Be6 12. Bg2 h6 13. Bxf6 Bxf6 14. O-O Rb8 15. b3 b5 16. Nd2 Qd7 17. bxc4 bxc4 18. Qa4 Rfc8 19. Rab1 Be7 20. Rxb8 Rxb8 21. Nxc4 Nxd4 22. Qxd7 Bxd7 23. Nxd5 Nc6 24. Nxe7+ Nxe7 25.
Ra1 Be6 26. Ne5 Nd5 27. Nc6 Rb7 28. Nb4 Rd7 29. Rd1 Nb6 30. Rxd7 Bxd7 31. Bf1 Kf8 32. e4 Ke7 33. f4 Kd6 34. Kf2 Kc5 35. Ke3 Nc4+ 36.
Bxc4 Kxc4 37. Nd3 Be8 38. e5 Kb3 39. Kd4 Kxa3 40. Kc3 a5 41. Nc5 a4 42. f5 Ka2 43.
Kc2 Ka3 44. e6 fxe6 45. Nxe6 g6 46. f6 Kb4 47. Nd8 Kc4 48. f7 Bxf7 49. Nxf7 Kd4 50.
Nxh6 Ke3 51. Ng4+ Ke4 52. Kb2 g5 53. Nf6+ Kf5 54. Nd5 Ke4 55. Ne7 Kf3 56. Ka3 g4 57.
Nf5 1-0

[Event "*** Titled Tuesday Blitz"]
[Site "Chess.com"]
[Date "2020.12.29"]
[Round "4"]
[White "realmadridtv"]
[Black "Olga_Zhuravleva"]
[Result "1/2-1/2"]
[WhiteElo "2449"]
[BlackElo "2308"]
[TimeControl "180+1"]
[EndTime "10:40:01 PST"]
[Termination "Game drawn by repetition"]

1. e4 e5 2. Nf3 Nc6 3. Bc4 Nf6 4. d3 d5 5. exd5 Nxd5 6. O-O Bc5 7. Re1 O-O 8. Nbd2 Nb6 9. Bb3 Bg4 10. h3 Bh5 11.
Ne4 Bd6 12. c3 h6 13. Ng3 Bg6 14.
Be3 Kh8 15. d4 e4 16. Nh2 f5 17. Bd2 Qf6 18. Qc1 Kh7 19. Bf4 Rae8 20. Nhf1 Na5 21. Ne2 Bf7 22. Bxf7 Qxf7 23. b3 Nd5 24. Bxd6 cxd6 25.
c4 Nf6 26. d5 b5 27. Qa3 Nb7 28. Nd4 bxc4 29. bxc4 Nc5 30. Nxf5 Nxd5 31. Nxd6 Qxf2+ 32. Kh1 Nf4 33. Qg3 Nfd3 34. Nxe8 Qxg3 35. Nxg3 Nxe1 36. Rxe1 Rxe8 37. Nf5 g6 38. Ne3 Kg7 39. Rb1 Re7 40. Kg1 Rf7 41. Rb5 Nd3 42. Rd5 Nc1 43. c5 Nxa2 44. c6 Nb4 45. Rc5 Rc7 46. Re5 Rxc6 47.
Rxe4 Nd3 48. Re7+ Kf6 49. Nd5+ Kf5 50. g4+ Kg5 51. Rxa7 Rc1+ 52. Kg2 Nf4+ 53. Nxf4 Kxf4 54. Ra4+ Kg5 55. Ra5+ Kf4 56. Ra4+ Kg5 57. Ra2 Kf4 58. Rf2+ Kg5 59. Re2 Rc3 60. Rf2 Rb3 61. Rc2 Rd3 62. Ra2 Kf4 63. Ra4+ Kg5 64. Ra5+ Kf4 65. Ra4+ Kg5 66. Ra5+ Kf4 67. Ra4+ 1/2-1/2

[Event "*** Titled Tuesday Blitz"]
[Site "Chess.com"]
[Date "2020.12.29"]
[Round "4"]
[White "TokChess"]
[Black "tdf98pantani"]
[Result "0-1"]
[WhiteElo "2472"]
[BlackElo "2656"]
[TimeControl "180+1"]
[EndTime "10:40:04 PST"]
[Termination "tdf98pantani won on time"]

1. d4 d5 2. Bf4 c5 3. e3 Nc6 4. c3 e6 5. Nd2 Bd6 6. Bg3 Nge7 7. Ngf3 O-O 8. Bd3 b6 9. Qe2 f5 10. Ne5 c4 11. Bc2 Nxe5 12. dxe5 Bc5 13. Nf3 b5 14. Nd4 Qb6 15. O-O Bd7 16. Bh4 Ng6 17.
Bg3 b4 18. cxb4 Qxb4 19. Rab1 Qa5 20. a3 Bxd4 21. exd4 Ba4 22. h4 Bxc2 23. Qxc2 f4 24. h5 Ne7 25. Bh2 Nf5 26. Rbd1 Qb6 27. Qc3 Rab8 28.
Rd2 Nh6 29. Qh3 Rf5 30. g4 fxg3 31. Bxg3 Qb3 32. Qh4 Rf7 33. Rc1 Nf5 34. Qg4 Qa2 35. Qg5 Qb3 36. Rc3 Qb7 37. Rf3 Qe7 38. Qg4 a5 39. Kg2 a4 40. Bf4 Rb3 41. Bg5 Qe8 42. Rxb3 axb3 43. f4 Qc6 44. h6 c3 45. bxc3 Qxc3 46.
Qe2 Ne3+ 47. Kh2 Nc4 48. Rd1 b2 49. Rb1 Rb7 50. Qd1 Nxa3 51. Qa4 Qc2+ 52. Qxc2 Nxc2 53. f5 exf5 54. e6 Na3 55. e7 Kf7 56. hxg7 Rb8 57.
Rxb2 Rxb2+ 58. Kh3 Rb8 59. Kh4 Re8 60. Kh5 Kxg7 0-1

[Event "*** Titled Tuesday Blitz"]
[Site "Chess.com"]
[Date "2020.12.29"]
[Round "4"]
[White "jacky72"]
[Black "tvjosue"]
[Result "1/2-1/2"]
[WhiteElo "2793"]
[BlackElo "2533"]
[TimeControl "180+1"]
[EndTime "10:40:05 PST"]
[Termination "Game drawn - insufficient material"]

1. d4 Nf6 2. c4 e6 3. Nf3 b6 4. g3 Ba6 5. Qc2 c6 6. Bg2 d5 7. cxd5 cxd5 8. O-O Nbd7 9. Nc3 Bb4 10. Qa4 Bxc3 11.
Qxa6 Ba5 12. Bf4 Qc8 13. Qb5 a6 14. Qa4 Qc4 15. Qd1 O-O 16. a3 b5 17. Rc1 Qa2 18. Rc2 Rfc8 19. Qc1 Rc4 20. Rxc4 bxc4 21. Ne5 Qb3 22. Nxd7 Nxd7 23. e4 dxe4 24. Bxe4 Rc8 25. d5 exd5 26. Bxd5 Nf6 27. Bg2 c3 28. bxc3 Qxc3 29.
Qb1 Qxa3 30. Qb7 Rf8 31. Qxa6 Bb4 32. Qb7 Bd6 33. Bg5 Ng4 34. Bd5 Bc5 35. Qd7 h5 36. Qf5 Qc3 37. Bf3 Nxf2 38. Kg2 Ng4 39. Bxg4 hxg4 40.
Qxg4 Qd3 41. Rf5 Bd4 42. Kh3 g6 43. Rf4 Be3 44. Rf3 f5 45. Qa4 Qe2 46. Qb3+ Rf7 47. Qxe3 Rh7+ 48. Bh4 Qxe3 49. Rxe3 g5 50. Re8+ Kf7 51.
Ra8 gxh4 52. Ra7+ Kg6 53. Rxh7 Kxh7 54. Kxh4 Kg6 55. Kh3 Kg5 56. Kg2 f4 57. h4+ Kg4 58. h5 Kxh5 59. gxf4 Kg4 60. f5 Kxf5 1/2-1/2

[Event "*** Titled Tuesday Blitz"]
[Site "Chess.com"]
[Date "2020.12.29"]
[Round "4"]
[White "petrpalachev"]
[Black "wonderfultime"]
[Result "1-0"]
[WhiteElo "2719"]
[BlackElo "3005"]
[TimeControl "180+1"]
[EndTime "10:40:06 PST"]
[Termination "petrpalachev won on time"]

1. d4 d5 2. Nf3 Nf6 3. Bf4 e6 4. e3 Bd6 5. Nbd2 O-O 6. Bd3 c5 7. c3 Nc6 8. Bg3 b6 9. Qe2 Re8 10. Ne5 Bxe5 11. dxe5 Nd7 12. f4 Bb7 13. O-O Ne7 14.
Rad1 Qc8 15. e4 c4 16. Bc2 b5 17. a3 Nc5 18. exd5 Bxd5 19. Bf2 Qc6 20. Bxc5 Qxc5+ 21. Qf2 Qxf2+ 22. Kxf2 Red8 23. Ne4 Rab8 24. Nd6 Nc8 25. Nxc8 Rbxc8 26. Rd2 g6 27. Rfd1 Re8 28. Ke3 a5 29. g4 b4 30. axb4 axb4 31. Ra1 Rb8 32. f5 bxc3 33. bxc3 Rb2 34. Kf4 exf5 35. gxf5 Bc6 36. f6 g5+ 37. Kxg5 Rxe5+ 38. Kh6 Kf8 39. Rb1 Rxb1 40.
Bxb1 Re3 41. h4 Rxc3 42. Rd6 Be8 43. Bxh7 Rh3 44. h5 c3 45. Rd8 Re3 46. Rc8 Re6 47. Kg5 Re3 48. Bf5 Re5 49. h6 Kg8 50. h7+ Kh8 51.
Kf4 Re1 52. Rxc3 Rf1+ 53. Ke5 Re1+ 54. Kd6 Ba4 55. Rc8+ Re8 56. Rxe8+ Bxe8 57. Ke7 Ba4 58. Bg6 Bb3 59. Bxf7 Bc2 60. Bg8 Bg6 61. Kf8 Bh5 62. Bf7 Be2 63. Bg6 Bc4 64. Ke7 Bb3 65. Bf5 1-0

[Event "*** Titled Tuesday Blitz"]
[Site "Chess.com"]
[Date "2020.12.29"]
[Round "4"]
[White "Galileo22"]
[Black "sokidze"]
[Result "0-1"]
[WhiteElo "2344"]
[BlackElo "2548"]
[TimeControl "180+1"]
[EndTime "10:40:06 PST"]
[Termination "sokidze won by resignation"]

1. d4 Nf6 2. Bg5 e6 3. Nd2 h6 4.
Bh4 c5 5. e3 d5 6. c3 Bd6 7.
Ngf3 O-O 8. Bd3 Nbd7 9. O-O Qc7 10. e4 dxe4 11. Nxe4 Be7 12. Bg3 Qb6 13. dxc5 Nxc5 14. Nxc5 Bxc5 15. Qe2 Bd7 16. Be5 Be7 17. Bd4 Qc7 18.
Ne5 Bc6 19. Rad1 a6 20. Rfe1 Rad8 21. Ng4 Nd5 22. Qe4 f5 23. Qxe6+ Rf7 24. Nxh6+ gxh6 25. Qg6+ Kf8 26. Qxh6+ Ke8 27. Qg6 Nf4 28. Qg8+ Rf8 29. Qg3 Qd6 30. Be5 Qxd3 31. Rxd3 Nxd3 32. Bg7 Nxe1 33. Bxf8 Kxf8 34. Qe5 Rd5 35. Qh8+ Kf7 36. Qh7+ Ke6 37. h4 Nd3 38. Kh2 Ne5 39. Qh6+ Bf6 40. f3 Rd8 41. Qe3 Kf7 42. Qf4 Bd7 43. h5 Rh8 44. g4 fxg4 45. fxg4 Nxg4+ 46. Kg3 Rxh5 47. Qc4+ Be6 48. Qc7+ Kg6 49. Qxb7 Be5+ 50. Kf3 Rh3+ 51. Ke2 Re3+ 52. Kd2 a5 53. Kc2 Kf5 54.
Qg2 Re4 55. a4 Ne3+ 56. Kd3 Nxg2 57. b4 Bc4+ 58. Kd2 Re2+ 59. Kd1 Bxc3 60. Kc1 Re1+ 61. Kc2 Bxb4 62. Kb2 Re2+ 63. Ka1 Ne3 0-1

[Event "*** Titled Tuesday Blitz"]
[Site "Chess.com"]
[Date "2020.12.29"]
[Round "4"]
[White "WinOrTilt"]
[Black "Triumphmate"]
[Result "1-0"]
[WhiteElo "2153"]
[BlackElo "2383"]
[TimeControl "180+1"]
[EndTime "10:40:06 PST"]
[Termination "WinOrTilt won by resignation"]

1. d4 d5 2. Nf3 e6 3. e3 Be7 4. Ne5 Nd7 5. Bd3 Nxe5 6. dxe5 c5 7. c3 f5 8. exf6 Nxf6 9. O-O O-O 10. Nd2 Bd6 11. f4 e5 12. fxe5 Bxe5 13. Nf3 Bd6 14.
c4 Be6 15. cxd5 Bxd5 16. e4 Nxe4 17. Re1 Nf6 18. Bg5 h6 19. Bh4 Bxf3 20. Qxf3 Qc7 21. Qf5 Bxh2+ 22. Kh1 Qf4 23. Qh3 Ng4 24. Re4 Nf2+ 25.
Bxf2 Qxf2 26. Kxh2 Rad8 27. Bc4+ Kh8 28. Rf1 Qd2 29.
Rxf8+ Rxf8 30. Qg3 Qd1 31. Re5 Qd4 32. Bd3 c4 33.
Bc2 Qd6 34. Re3 Rf4 35. Re8+ Rf8 36. Rxf8+ Qxf8 37. Qg4 Qd6+ 38. Kh3 Qd8 39. Qe4 Qd7+ 40. g4 Kg8 41. Qh7+ Kf8 42. Qf5+ Qxf5 43. Bxf5 Ke7 44.
Kg3 Kd6 45. Kf4 Kc5 46. Ke4 b5 47. Bd7 a5 48. Be8 b4 49. Bf7 a4 50. Be6 a3 51.
bxa3 bxa3 52. Bf7 Kb4 53. Kd4 c3 54. Kd3 g5 55. Kc2 h5 56. Bxh5 Kc5 57. Kxc3 Kd6 58. Kb3 Ke5 59. Kxa3 1-0

[Event "*** Titled Tuesday Blitz"]
[Site "Chess.com"]
[Date "2020.12.29"]
[Round "4"]
[White "atalz0"]
[Black "Siniauski"]
[Result "1-0"]
[WhiteElo "2376"]
[BlackElo "2578"]
[TimeControl "180+1"]
[EndTime "10:40:08 PST"]
[Termination "atalz0 won by checkmate"]

1. d4 Nf6 2. c4 e6 3. Nc3 Bb4 4. Qc2 O-O 5. e4 d5 6. e5 Ne4 7. Bd3 f5 8. exf6 Qxf6 9. Nf3 Nc6 10. Bxe4 dxe4 11. Qxe4 Bd7 12. O-O Ne7 13. Bg5 Qf5 14.
Rae1 Qxe4 15. Rxe4 Nf5 16. Ne5 Be8 17. a3 Bxc3 18.
bxc3 h6 19. Bd2 Nd6 20. Re2 c5 21. dxc5 Nf5 22. Nd3 Bf7 23. Bf4 Rac8 24. Rb1 Rfd8 25. Ne5 Rxc5 26. Nxf7 Kxf7 27. Rxb7+ Kf6 28. g3 g5 29. Be3 Rxc4 30. Rxa7 Rxc3 31. Ra6 Rd1+ 32. Kg2 Nxe3+ 33. Rxe3 Rxe3 34. fxe3 Ke5 35. Ra4 Ra1 36. Kf3 Ra2 37. h4 Kf5 38. h5 g4+ 39. Rxg4 Rxa3 40. Rg6 Ra8 41. g4+ Ke5 42. Rxh6 Rf8+ 43. Kg3 Rg8 44.
Rg6 Rh8 45. Kh4 Kd6 46. Kg5 Ke7 47. Rg7+ Kf8 48. Kg6 e5 49. h6 e4 50. g5 Ke8 51.
h7 Kf8 52. Rf7+ Ke8 53. Kg7 Rxh7+ 54. Kxh7 Kxf7 55. g6+ Kf6 56. g7 Ke6 57. g8=Q+ Kf5 58. Qg3 Ke6 59. Qf4 Kd5 60. Qf5+ Kc6 61. Qxe4+ Kb5 62.
Qd4 Ka5 63. e4 Ka6 64. e5 Kb5 65. e6 Kc6 66. e7 Kb7 67. e8=Q Ka6 68. Qc8+ Kb5 69.
Qdd7+ Ka5 70. Qdb7 Ka4 71. Qca8# 1-0

[Event "*** Titled Tuesday Blitz"]
[Site "Chess.com"]
[Date "2020.12.29"]
[Round "4"]
[White "biostatistician"]
[Black "JoachimMouhamad"]
[Result "1-0"]
[WhiteElo "2608"]
[BlackElo "2355"]
[TimeControl "180+1"]
[EndTime "10:40:09 PST"]
[Termination "biostatistician won by resignation"]

1. d4 Nf6 2. Nf3 g6 3. c4 Bg7 4. Nc3 d5 5. cxd5 Nxd5 6. e4 Nxc3 7. bxc3 c5 8. Be3 O-O 9. Be2 Nc6 10. O-O Bg4 11. d5 Bxf3 12. Bxf3 Ne5 13. Bxc5 Rc8 14. Bd4 Nxf3+ 15. Qxf3 Bxd4 16. cxd4 Rc4 17. Rfd1 Qc7 18. h4 h5 19. g3 b5 20. Kg2 a5 21. Rd3 b4 22. Qf4 Qxf4 23. gxf4 Rfc8 24. Rad1 Rc2 25. a3 Rb2 26. axb4 axb4 27. Rg3 Rcc2 28. Rf3 Rd2 29.
Rxd2 Rxd2 30. Rb3 Rxd4 31. Kf3 f5 32. e5 Kf7 33. Ke3 Rxd5 34. Rxb4 Rd1 35. Kf3 Rg1 36. Rb8 Rg4 37. Rh8 Rxh4 38. Rh7+ Kf8 39. Kg3 Rg4+ 40. Kf3 Rg1 41. Ke2 Ra1 42. Kf3 Ra3+ 43. Kg2 Rb3 44. Rh8+ Kf7 45. Rh7+ Kf8 46. Rh8+ Kg7 47.
Re8 Kf7 48. Rh8 Rb6 49. Rh7+ Ke6 50. Rg7 Kd7 51. Kg3 Re6 52. Kh4 Kc6 53. Kg5 Kd5 54. Rg8 Ke4 55. Ra8 Kf3 56. Ra2 Rb6 57. Rc2 h4 58. Rc3+ Kxf2 59. Kxh4 Rb1 60. Kg5 Rg1+ 61. Kh6 Rg4 62. Kg7 Rg3 63. Rc4 Rg4 64. Kf7 Kf3 65.
Kxe7 Rxf4 66. Rxf4+ Kxf4 67. e6 g5 68. Kf6 g4 69. e7 g3 70. e8=Q g2 71. Qe1 Kf3 72.
Kxf5 1-0

[Event "*** Titled Tuesday Blitz"]
[Site "Chess.com"]
[Date "2020.12.29"]
[Round "4"]
[White "davidkalashian"]
[Black "Denis_Palkovich"]
[Result "0-1"]
[WhiteElo "2586"]
[BlackElo "2334"]
[TimeControl "180+1"]
[EndTime "10:40:09 PST"]
[Termination "Denis_Palkovich won by resignation"]

1. d4 d5 2. Nf3 Bf5 3. c3 Nf6 4. Bf4 e6 5. e3 Bd6 6. Nbd2 O-O 7. h3 c5 8. Ne5 Nc6 9. g4 Be4 10. f3 Bg6 11. h4 h5 12. g5 Bxe5 13. Bxe5 Nxe5 14. gxf6 Nd3+ 15. Bxd3 Bxd3 16. fxg7 Kxg7 17.
Nb3 c4 18. Nc1 Bg6 19. Ne2 Qb6 20. Qd2 Rg8 21. Nf4 Kh7 22. O-O Bd3+ 23. Kf2 Bxf1 24. Rxf1 Qd8 25. Rh1 Qf6 26. Nxh5 Qf5 27. Ng3 Qd3 28.
Qxd3+ cxd3 29. Rd1 Kh6 30. Rxd3 Rg7 31. Ne2 Rag8 32.
Nf4 Rg1 33. b3 Rh1 34. e4 Rh2+ 35. Ke3 Rxh4 36. exd5 Kg5 37. Ne2 exd5 38. c4 Re8+ 39. Kd2 Rh2 40. f4+ Kg4 41. Rg3+ Kf5 42. Rg5+ Kf6 43.
Re5 Rxe5 44. fxe5+ Kf5 45. Kd3 Rxe2 46. Kxe2 Ke4 47.
c5 Kxd4 48. b4 Kxe5 49. a3 Ke6 50. Ke3 Kd7 51. Kd4 Kc6 52. a4 a6 53. Ke5 a5 54. bxa5 Kxc5 55. Kf6 d4 56. Kxf7 d3 57. a6 bxa6 0-1

[Event "*** Titled Tuesday Blitz"]
[Site "Chess.com"]
[Date "2020.12.29"]
[Round "4"]
[White "malakismayil"]
[Black "Snegokhod"]
[Result "0-1"]
[WhiteElo "2305"]
[BlackElo "2463"]
[TimeControl "180+1"]
[EndTime "10:40:09 PST"]
[Termination "Snegokhod won by resignation"]

1. e4 e5 2. Nf3 f6 3. Bc4 c6 4.
d4 d5 5. exd5 e4 6. Nfd2 cxd5 7.
Qh5+ g6 8. Qxd5 Qxd5 9. Bxd5 f5 10. f3 e3 11. Nc4 Nf6 12. Nxe3 f4 13. Bb3 fxe3 14. Bxe3 Nc6 15. c4 Bf5 16. Nc3 O-O-O 17.
d5 Nb4 18. Bxa7 Nd3+ 19. Kd2 Nxb2 20. Bd4 Bh6+ 21. Ke2 Rhe8+ 22. Kf2 Nd3+ 23. Kf1 Nd7 24. g4 Be3 25. Bxe3 Rxe3 26. gxf5 Rf8 27. Ne4 Kc7 28.
Kg2 Rxf5 29. Rhf1 N7e5 30. Ng3 Rfxf3 31. Rxf3 Nxf3 32. Rf1 Nfe1+ 33. Kh3 Re7 34. Kg4 Ne5+ 35. Kh3 N1f3 36. Bd1 Ng5+ 37. Kh4 Ngf7 38. c5 Rd7 39.
d6+ Kd8 40. Ba4 Nc6 41. Bxc6 bxc6 42. Ne4 Ra7 43. Rf3 Nh6 44. Kg5 Nf5 45. Ng3 h6+ 46. Kxg6 Nh4+ 47. Kxh6 Nxf3 48. Nf5 Nxh2 49. Kg6 Rxa2 50.
Kf6 Re2 51. Ng7 Kd7 52. Nf5 Ng4+ 53. Kg5 Ne5 54. Nd4 Rd2 55. Nb3 Rd5 56. Kf6 Nd3 57.
Na5 Nxc5 58. Nb7 Ne4+ 59. Kf7 Nxd6+ 60. Kg6 Nxb7 61. Kg7 Rd6 0-1

[Event "*** Titled Tuesday Blitz"]
[Site "Chess.com"]
[Date "2020.12.29"]
[Round "4"]
[White "CSB7"]
[Black "1random"]
[Result "1-0"]
[WhiteElo "2635"]
[BlackElo "2427"]
[TimeControl "180+1"]
[EndTime "10:40:11 PST"]
[Termination "CSB7 won by checkmate"]

1. e4 d5 2. exd5 Nf6 3. Nf3 Bg4 4. Bb5+ Nbd7 5. Nc3 a6 6. Be2 Nb6 7. h3 Bxf3 8. Bxf3 Nbxd5 9. Nxd5 Nxd5 10. c4 Nf4 11. Bxb7 Nd3+ 12. Kf1 Qd4 13. Qf3 Rd8 14. Bc6+ Rd7 15. Bxd7+ Kxd7 16. Qd5+ Qxd5 17. cxd5 g6 18. Ke2 Nf4+ 19. Kf3 Nxd5 20. d4 Bg7 21. Be3 Rb8 22.
b3 a5 23. Rac1 a4 24. bxa4 Rb4 25. a5 Ra4 26. Rc5 e6 27. Rb1 Bf8 28. Rcb5 Rxa2 29. R1b2 Ra3 30. Rc2 h5 31. Rb8 Be7 32. Ra8 Nb4 33.
Rb2 Nd5 34. Rbb8 Bd6 35. a6 Nb6 36. Ra7 Kc6 37. Rg8 Ra4 38. g3 Ra3 39. h4 Ra4 40.
Kg2 Ra3 41. Bg5 Ra2 42. Bh6 Nd5 43. Bf8 Bxf8 44. Rxf8 Nb4 45. Rxf7 Kb6 46. Raxc7 Nd5 47. Rb7+ Kc6 48. Ra7 Ne3+ 49. Kf3 Nf5 50. Ra8 Nxd4+ 51. Kg2 Nb5 52. a7 Kb6 53. Rb8+ Kc6 54. a8=Q+ Rxa8 55. Rxa8 Nd6 56. Raf8 Kd5 57. Rf6 g5 58. hxg5 h4 59. g6 h3+ 60. Kxh3 Nf5 61. Rxf5+ exf5 62. g7 Ke4 63. g8=Q f4 64. Qe6+ Kf3 65. Rxf4# 1-0

[Event "*** Titled Tuesday Blitz"]
[Site "Chess.com"]
[Date "2020.12.29"]
[Round "4"]
[White "Ajedrez_con_German"]
[Black "ViktoriyaTarasova"]
[Result "1/2-1/2"]
[WhiteElo "2521"]
[BlackElo "2347"]
[TimeControl "180+1"]
[EndTime "10:40:12 PST"]
[Termination "Game drawn by repetition"]

1. Nf3 Nf6 2. e3 d5 3. b3 e6 4. Bb2 c5 5. Bb5+ Bd7 6. Bxd7+ Nbxd7 7. O-O Bd6 8. d3 O-O 9. Nbd2 Qc7 10. e4 d4 11. Nc4 Be7 12. a4 e5 13. Qe2 Ne8 14. Bc1 f6 15. Nh4 g6 16. f4 Ng7 17.
Qg4 f5 18. exf5 gxf5 19. Qh3 e4 20. Bb2 e3 21. c3 Bf6 22. cxd4 Bxd4 23. Kh1 Rae8 24.
Rae1 e2 25. Rf3 Bxb2 26. Nxb2 Qa5 27. Qg3 Kh8 28. Qf2 Qc3 29. Nc4 Qxb3 30. Re3 Rxe3 31. Nxe3 Qxd3 32. Rxe2 Nf6 33. Nhxf5 Nxf5 34. Nxf5 Qxf5 35.
h3 c4 36. Re5 Qb1+ 37. Re1 Qg6 38. Qd4 Qf7 39. f5 Rc8 40. Re6 Kg7 41. Qe5 Rc7 42.
Rxf6 Qxf6 43. Qxc7+ Kh6 44. Qxc4 Qxf5 45. Qd4 Qb1+ 46.
Kh2 a6 47. Qd6+ Kg7 48. Qe7+ Kg8 49. Qe8+ Kg7 50. Qd7+ Kg8 51. Qd8+ Kg7 52. Qc7+ Kg8 53.
a5 Qb5 54. Qb8+ Kg7 55. Qc7+ Kg8 56. h4 Qb4 57. g3 Qb2+ 58. Kh3 Qb1 59. Qd8+ Kf7 60. Qd7+ Kf6 61. Qd6+ Kf7 62. Qc7+ Kf6 63. Qd6+ Kf7 64. Qc7+ Kg8 65. Qd8+ Kf7 66. Qd7+ Kf8 67.
Qd8+ Kf7 1/2-1/2

[Event "*** Titled Tuesday Blitz"]
[Site "Chess.com"]
[Date "2020.12.29"]
[Round "4"]
[White "JozefKneht"]
[Black "MelihKaanCan"]
[Result "1-0"]
[WhiteElo "2488"]
[BlackElo "2323"]
[TimeControl "180+1"]
[EndTime "10:40:12 PST"]
[Termination "JozefKneht won by resignation"]

1. d4 Nf6 2. Bf4 c5 3. e3 d5 4.
c3 Nc6 5. Nd2 e6 6. Ngf3 Bd6 7.
Bg3 O-O 8. Bd3 b6 9. Qe2 Bb7 10. Rd1 Qc7 11. e4 dxe4 12. Nxe4 Nxe4 13. Qxe4 g6 14.
dxc5 bxc5 15. Qh4 Bxg3 16. hxg3 h5 17. g4 Ne5 18. Nxe5 Qxe5+ 19. Kf1 c4 20. Be2 Bxg2+ 21. Kxg2 Qxe2 22. gxh5 Qxh5 23. Qxh5 gxh5 24. Rxh5 Rfd8 25. Rdh1 Kf8 26. Rb5 Ke7 27. Rb7+ Rd7 28. Rb4 Rg8+ 29. Kf3 Rd3+ 30. Ke2 Rgd8 31. Rh4 Rd2+ 32. Kf1 Rc2 33.
Rb7+ Kf6 34. Rxc4 Rdd2 35. Rf4+ Ke5 36. Rfxf7 a6 37. Rb6 Rxb2 38. Rxa6 Rxa2 39. Rxa2 Rxa2 40. Rf3 Rc2 41. Re3+ Kf4 42. Kg2 e5 43. Rh3 Ke4 44.
Rh4+ Kd3 45. Rh3+ Ke4 46. Re3+ Kf4 47. Kf1 Rc1+ 48. Ke2 Rc2+ 49. Ke1 Rc1+ 50. Kd2 Rf1 51. Re2 e4 52. c4 Ra1 53. Kc3 Rc1+ 54. Kd4 Rd1+ 55. Kc5 Rc1 56. Kd5 Rd1+ 57. Kc6 Rc1 58.
c5 Kf3 59. Ra2 Rf1 60. Kd5 Rxf2 61. Rxf2+ 1-0